 Dungeon Crawl Stone Soup version 0.27-a0-1322-gfdffb62a71 (webtiles) character file.

Game seed: 1162404553917148603

120 dinky3 the Shield-Bearer (level 5, -1/42 HPs)
             Began as a Formicid Fighter on June 23, 2021.
             Was an Initiate of Okawaru.
             Succumbed to a scorpion's poison
             ... on level 5 of the Dungeon.
             The game lasted 00:01:55 (268 turns).

dinky3 the Shield-Bearer (Formicid Fighter)          Turns: 268, Time: 00:01:55

Health: -1/42      AC:  8    Str: 20    XL:     5   Next: 25%
Magic:  5/5        EV:  8    Int:  9    God:    Okawaru [......]
Gold:   42         SH:  9    Dex: 10    Spells: 4/4 levels left

rFire    . . .     SeeInvis +   a - +0 war axe
rCold    . . .     Faith    .   c - +0 kite shield
rNeg     . . .     Spirit   .   b - +0 scale mail
rPois    .         Reflect  .   (helmet unavailable)
rElec    .         Harm     .   (no cloak)
rCorr    .         Rampage  .   e - +0 pair of gloves
Will     .....                  (no boots)
Stlth    ..........             (no amulet)
HPRegen  0.14/turn              (no ring)
MPRegen  0.09/turn              (no ring)

@: mighty, lethally poisoned (-1 -> -8)
A: permanent stasis, dig shafts and tunnels, antennae 3, four strong arms
a: Dig, Shaft Self, Renounce Religion


You were on level 5 of the Dungeon.
You worshipped Okawaru.
Okawaru was noncommittal.
You visited 2 branches of the dungeon, and saw 6 of its levels.

You collected 42 gold pieces.

Inventory:

Hand Weapons
 a - a +0 war axe (weapon)
Missiles
 g - 7 poisoned darts (quivered)
Armour
 b - a +0 scale mail (worn)
 c - a +0 kite shield (worn)
 e - a +0 pair of gloves (worn)


   Skills:
 + Level 4.1 Fighting
 * Level 3.8 Axes
 - Level 3.2 Armour
 + Level 4.5 Shields


You had 4 spell levels left.
You didn't know any spells.
Your spell library was empty.

Dungeon Overview and Level Annotations

Branches:
Dungeon (5/15)             Temple (1/1) D:5

Altars:
Ashenzari
Cheibriados
Dithmenos
Elyvilon
Fedhas
Gozag
Makhleb
Okawaru
Qazlal
Ru
Trog
Xom
Yredelemnul


Innate Abilities, Weirdness & Mutations

You cannot be hasted, slowed, berserked, paralysed or teleported.
You can dig through walls and to a lower floor.
You have a pair of large antennae on your head. (SInv)
Your four strong arms can wield two-handed weapons with a shield.


Message History

The adder bites you.
* * * LOW HITPOINT WARNING * * *
Your Axes skill increases to level 3!
You have reached level 4!
You feel clever.
You closely miss the adder. The adder closely misses you.
You block the adder's attack.
You slash the adder!
The adder is severely wounded.
The adder bites you but does no damage. The adder bites you.
* * * LOW HITPOINT WARNING * * *
You are poisoned.
The adder poisons you!
Unknown command.
You miss the adder.
The adder is severely wounded.
You feel sick. You block the adder's attack.
The adder bites you but does no damage.
You slash the adder!
You kill the adder!
Okawaru accepts your kill.
You feel sick.
You slash the scorpion!
The scorpion is heavily wounded.
You feel sick. The scorpion stings you.
* * * LOW HITPOINT WARNING * * *
You are lethally poisoned!
The scorpion poisons you!
The scorpion stings you but does no damage.
Unknown command.
You slice the scorpion!!
You kill the scorpion!
Okawaru is honoured by your kill.
You hear the slow rusting of a very distant drain.
* * * LOW HITPOINT WARNING * * *
You feel very sick.
Your Fighting skill increases to level 4!
You have reached level 5!
A sky beast comes into view.
You die...

# .# ##### #####.# ....
..... #.# #####...### ##
.###.. ....... .# ..#.#
#...# .#
....######.######.#####!
........l.#...†.@.......
.....#####.####.#.#.####
.....# #.# #.#Y# ..[#.#
#.# #.#.. ###.... .S#
#.##.# # ...## ... ..#
.# # #.... ...# ### .# .
.##.###### .# #


You could see a sky beast (asleep).

Vanquished Creatures
  A scorpion (D:5)
  An iguana (D:5)
  A howler monkey zombie (D:4)
  An adder (D:5)
  A white imp (D:5)
  A worm (D:4)
  A ball python (D:4)
  An endoplasm (D:3)
  2 giant cockroaches
  A hobgoblin (D:4)
  2 kobolds (D:4)
13 creatures vanquished.

Notes
Turn   | Place    | Note
-------+----------+-------------------------------------------
     0 | D:1      | dinky3 the Formicid Fighter began the quest for the Orb.
     0 | D:1      | Reached XP level 1. HP: 18/18 MP: 1/1
    45 | D:4      | Reached XP level 2. HP: 18/24 MP: 2/2
   131 | D:4      | Reached XP level 3. HP: 20/29 MP: 3/3
   175 | D:5      | Entered Level 5 of the Dungeon
   180 | D:5      | Found a staircase to the Ecumenical Temple.
   186 | Temple   | Entered the Ecumenical Temple
   190 | Temple   | Became a worshipper of Warmaster Okawaru
   247 | D:5      | Noticed a scorpion
   262 | D:5      | Reached XP level 4. HP: 11/37 MP: 4/4
   267 | D:5      | Killed a scorpion
   267 | D:5      | HP: 1/37 [poisoned by a scorpion]
   268 | D:5      | Reached XP level 5. HP: 1/42 MP: 5/5
   268 | D:5      | Noticed a sky beast
   268 | D:5      | Succumbed to a scorpion's poison

Illustrated notes

Levels and vault maps discovered:
D:1:      lightli_iron_boxes, layout_rooms
D:2:      layout_rooms, basic_altar, minmay_tetromino_o2, uniq_terence,
          uniq_jessica
D:3:      layout_rooms, gammafunk_temple_overflow_claw, basic_ecumenical_altar,
          serial_co_window_serial, co_window_of_opportunity_a,
          co_window_paths_b, co_window_corner_a, co_window_paths_b,
          co_window_corner_a, co_window_cross_1, co_window_of_opportunity_a,
          co_window_broadway_a, co_window_broadway_a, co_window_2corner,
          co_window_2corner, co_window_paths_d, glass_columns_a,
          glass_columns_b, glass_columns_a, kennysheep_generic_room_8, uniq_ijyb
D:4:      layout_gridville, kennysheep_generic_room_11
D:5:      layout_loops_ring, minmay_temple_entry_trees, portal_sewer_entry_e
Temple:   nicolae_temple_x_marks_the_god

Skill      XL: |  1  2  3  4 |
---------------+-------------+-----
Shields        | 4 |  4.5
Axes           | 3 |  3.8
Fighting       | 4 |  4.1
Armour         | |  3.2

Action                   |  1- 3 |  4- 6 || total
-------------------------+-------+-------++-------
Melee: War axe           |    47 |     6 ||    53
 Abil: Dig               |     1 |       ||     1
  Use: Potion            |     2 |       ||     2
Armor: Scale mail        |    11 |     3 ||    14
Dodge: Dodged            |    17 |     1 ||    18
Block: Kite shield       |    31 |     2 ||    33

Table legend: (Time is in decaauts)
 A = Elapsed time spent in this place.
 B = Non-inter-level travel time spent in this place.
 C = Inter-level travel time spent in this place.
 D = Time resting spent in this place.
 E = Time spent auto-exploring this place.
 F = Levels seen in this place.
 G = Mean time per level.
                   A        B        C        D        E       F      G
               +--------+--------+--------+--------+--------+-----+--------+
         Total |    295 |    295 |      0 |      0 |      0 |   6 |   49.2 |
       Dungeon |    287 |    287 |      0 |      0 |      0 |   5 |   57.4 |
        Temple |      8 |      8 |      0 |      0 |      0 |   1 |    8.0 |
               +--------+--------+--------+--------+--------+-----+--------+

Top non-repeatable levels by time:
     D:4: 158 daAuts
     D:5: 92 daAuts
     D:3: 23 daAuts
  Temple: 8 daAuts
     D:1: 7 daAuts
     D:2: 5 daAuts
